 Dungeon Crawl Stone Soup version 0.27.1 (webtiles) character file.

Game seed: 9525807968584720397

53 nxtlvl the Chopper (level 3, -4/46 HPs)
             Began as a Draconian Berserker on Aug 24, 2021.
             Was a Follower of Trog.
             Slain by Crazy Yiuf (10 damage)
             ... while petrified by Crazy Yiuf
             ... on level 4 of the Dungeon.
             The game lasted 00:03:20 (428 turns).

nxtlvl the Chopper (Draconian Berserker)             Turns: 428, Time: 00:03:21

Health: -4/46      AC:  5    Str: 19    XL:     3   Next: 64%
Magic:  3/3        EV:  2    Int:  7    God:    Trog [*.....]
Gold:   20         SH:  0    Dex: 11    Spells: 2/2 levels left

rFire    . . .     SeeInvis .   a - +0 hand axe
rCold    . . .     Faith    .   (no shield)
rNeg     + + +     Spirit   .   (armour unavailable)
rPois    ∞         Reflect  .   (helmet restricted)
rElec    .         Harm     .   (no cloak)
rCorr    .         Rampage  .   (no gloves)
Will     .....                  (no boots)
Stlth    ..........             (no amulet)
HPRegen  0.15/turn              (no ring)
MPRegen  0.08/turn              (no ring)

@: berserking, petrified
A: AC +5, unfitting armour, cold-blooded
a: Renounce Religion, Berserk


You were on level 4 of the Dungeon.
You worshipped Trog.
Trog was aware of your devotion.
You visited 1 branch of the dungeon, and saw 4 of its levels.

You collected 20 gold pieces.

Inventory:

Hand Weapons
 a - a +0 hand axe (weapon)
Missiles
 b - 7 atropa-tipped darts
 i - 3 poisoned darts
 j - 2 throwing nets (quivered)
Scrolls
 c - a scroll of immolation {unknown}
 d - a scroll of amnesia {unknown}
Potions
 e - a potion of invisibility {unknown}
 f - a potion of heal wounds {unknown}
 g - a potion of magic {unknown}
 h - a potion of might {unknown}


   Skills:
 - Level 3.2 Fighting
 * Level 4.7 Axes
 - Level 2.6 Dodging


You had 2 spell levels left.
You didn't know any spells.
Your spell library was empty.

Dungeon Overview and Level Annotations

Branches:
Dungeon (4/15)
 Temple: D:4-7

Altars:

Annotations:
D:4 Crazy Yiuf


Innate Abilities, Weirdness & Mutations

Your plain brown scales are hard. (AC +5)
You cannot fit into any form of body armour.
You are cold-blooded and may be slowed by cold attacks.


Message History

There is a stone staircase leading down here.
You climb downwards.
You hear the hiss of flowing sand.
There is an entrance to an ossuary on this level.
Hurry and find it before the portal is buried!
There is a stone staircase leading up here.
You feel yourself speed up.
Found a mace.
Found a runed translucent door.
Crazy Yiuf laughs, "Walk!"
Press: ? - help, v - describe, . - travel
Here: Crazy Yiuf, wielding a +2 quarterstaff of chaos and wearing a +0 cloak (fire blocked by a runed translucent door)
The floor.
Unknown command.
You open the door.
Crazy Yiuf screams, "Action!
Snurf sanguine sing."
You recover from your berserk rage.
Crazy Yiuf cries, "Rifle!"
A red film seems to cover your vision as you go berserk!
You feel yourself moving faster!
You feel mighty!
Crazy Yiuf hits you with a +2 quarterstaff of chaos!
You are slowing down.
You barely miss Crazy Yiuf.
Crazy Yiuf hits you with a +2 quarterstaff of chaos.
Crazy Yiuf freezes you.
Your limbs are stiffening.
You slash Crazy Yiuf!
Crazy Yiuf is almost dead.
Crazy Yiuf hits you with a +2 quarterstaff of chaos.
You have turned to stone.
Crazy Yiuf hits you with a +2 quarterstaff of chaos!
You resist with some effort.
Crazy Yiuf hits you with a +2 quarterstaff of chaos!
Space warps horribly around you!!
* * * LOW HITPOINT WARNING * * *
Crazy Yiuf laughs, "Powder dark disdain!"
Crazy Yiuf hits you with a +2 quarterstaff of chaos.
* * * LOW HITPOINT WARNING * * *
Crazy Yiuf burns you.
Crazy Yiuf hits you with a +2 quarterstaff of chaos!
* * * LOW HITPOINT WARNING * * *
You are electrocuted!!
You die...

#...... #.##### #†#
######.# #...##.#####
### ######.....<.....
#)..###
##..^.....##.#####
#...'.####......#.###.#
#...##..#g@....##.# #.#
### ###.#....###.# #.#
######## #.# #.# ..#
#.. ### ###


You could see Crazy Yiuf.

Vanquished Creatures
  A hound (D:4)
  2 dart slugs
  An orc (D:2)
  An endoplasm (D:3)
  A giant cockroach (D:1)
  A goblin (D:1)
  2 hobgoblins
  3 kobolds
  2 quokkas
  3 ball pythons
  A rat (D:2)
18 creatures vanquished.

Notes
Turn   | Place    | Note
-------+----------+-------------------------------------------
     0 | D:1      | nxtlvl the Draconian Berserker began the quest for the Orb.
     0 | D:1      | Reached XP level 1. HP: 19/19 MP: 1/1
    86 | D:1      | Found a faded altar of an unknown god.
   120 | D:1      | Reached XP level 2. HP: 26/26 MP: 2/2
   368 | D:4      | Reached skill level 4 in Axes
   386 | D:4      | Reached XP level 3. HP: 31/31 MP: 3/3
   412 | D:4      | Found a runed translucent door.
   413 | D:4      | Noticed Crazy Yiuf
   428 | D:4      | Slain by Crazy Yiuf

Illustrated notes

Levels and vault maps discovered:
D:1:      dpeg_arrival_circle_labyrinth_c, layout_loops_ring,
          shapermc_ecumenical_altar_starsandcircs
D:2:      layout_loops_ring, kennysheep_generic_room_8, uniq_jessica
D:3:      layout_loops_ring, st_stairs_7, minmay_misc_feat_x,
          minmay_misc_feat_chi
D:4:      layout_loops_ring, lemuel_zombie_altar_yredelemnul,
          chequers_ossuary_entry_cave, dk_vineyard_1, uniq_crazy_yiuf_cottage

Skill      XL: |  1  2 |
---------------+-------+-----
Axes           | 4 |  4.7
Fighting       | |  3.2
Dodging        | |  2.6

Action                   || total
-------------------------++-------
Melee: Hand axe          ||    38
       Tailslap          ||     4
Invok: Berserk           ||     4
Armor: Skin              ||     5
Dodge: Dodged            ||    16
